[ AOE2 MATCH · #505196643 ]
UnrankedKhmer vs Mongols
Player's team · LOSS
Rival team · WIN
[ REPLAY ANALYSIS · EXTRACTED FROM THE RECORDED GAME ]
Feudal
—
Castle
—
Imperial
—
| APM avg | 38.1 |
| APM peak | 102 |
| eAPM avg | 21.6 |
| Villagers / military | 113 / 76 |
Focus
⚔️ 25.4% · 🌾 74.6%
Spearman ×63 · Scout Cavalry ×5 · Scorpion ×4 · Skirmisher ×4
Feudal
—
Castle
—
Imperial
—
| APM avg | 39.0 |
| APM peak | 117 |
| eAPM avg | 18.8 |
| Villagers / military | 116 / 83 |
Focus
⚔️ 29.2% · 🌾 70.8%
Steppe Lancer ×67 · Knight ×13 · Scout Cavalry ×2 · Spearman ×1
Match map
Initial resources + every placement click. Lines = walls · curves = elevation contours. ◆ gold · ⬟ stone · ● berries · ✦ relic · ◌ wall gap
Your base· Open — unwalled flank
PaitVa1127's base· ✓ Closed at 17:37 · 46t walls · 1 gate(s)
Smoothed initial terrain · ◌ = detected wall gap · hover for details
Inputs per minute
— ManyKitten76428 - - PaitVa1127
Build order — ManyKitten76428
First 150 of 333 actions detected
| 0:01 | Queue | Villager (Male) |
| 0:01 | Queue | Villager (Male) |
| 0:01 | Queue | Villager (Male) |
| 0:01 | Queue | Villager (Male) |
| 0:02 | Queue | Villager (Male) |
| 0:02 | Queue | Villager (Male) |
| 0:02 | Queue | Villager (Male) |
| 0:02 | Queue | Villager (Male) |
| 0:02 | Queue | Villager (Male) |
| 0:03 | Build | House |
| 0:05 | Build | House |
| 1:15 | Queue | Villager (Male) |
| 1:15 | Queue | Villager (Male) |
| 1:43 | Queue | Villager (Male) |
| 1:43 | Queue | Villager (Male) |
| 2:39 | Queue | Villager (Male) |
| 2:40 | Queue | Villager (Male) |
| 2:42 | Queue | Villager (Male) |
| 2:43 | Queue | Villager (Male) |
| 2:49 | Build | Lumber Camp |
| 3:10 | Queue | Villager (Male) |
| 3:10 | Queue | Villager (Male) |
| 3:44 | Build | House |
| 4:00 | Queue | Villager (Male) |
| 4:00 | Queue | Villager (Male) |
| 4:00 | Queue | Villager (Male) |
| 4:00 | Queue | Villager (Male) |
| 4:01 | Queue | Villager (Male) |
| 4:40 | Build | House |
| 4:54 | Queue | Villager (Male) |
| 4:54 | Queue | Villager (Male) |
| 4:57 | Queue | Villager (Male) |
| 5:56 | Build | Mill |
| 6:38 | Queue | Villager (Male) |
| 6:39 | Research | Loom |
| 6:54 | Build | House |
| 7:15 | Build | Mill |
| 7:39 | Research | Feudal Age |
| 8:02 | Build | Palisade Wall |
| 8:29 | Build | Palisade Wall |
| 8:31 | Build | Palisade Wall |
| 8:32 | Build | Palisade Wall |
| 8:33 | Build | Palisade Wall |
| 8:34 | Build | Palisade Wall |
| 8:35 | Build | Palisade Wall |
| 8:37 | Build | Palisade Wall |
| 8:38 | Build | Palisade Wall |
| 8:40 | Build | Palisade Wall |
| 8:50 | Build | Palisade Wall |
| 8:52 | Build | Palisade Wall |
| 8:59 | Build | Palisade Wall |
| 9:01 | Build | Palisade Wall |
| 9:13 | Queue | Villager (Male) |
| 9:13 | Queue | Villager (Male) |
| 9:34 | Build | House |
| 9:35 | Build | House |
| 9:58 | Build | Stable |
| 10:38 | Research | Double-Bit Axe |
| 10:45 | Build | House |
| 10:57 | Queue | Scout Cavalry |
| 10:58 | Queue | Scout Cavalry |
| 11:08 | Build | Farm |
| 11:17 | Queue | Villager (Male) |
| 11:17 | Queue | Villager (Male) |
| 11:20 | Build | Farm |
| 11:58 | Queue | Villager (Male) |
| 12:03 | Build | Blacksmith |
| 12:15 | Queue | Villager (Male) |
| 12:18 | Queue | Scout Cavalry |
| 12:36 | Build | Palisade Wall |
| 12:38 | Build | Palisade Wall |
| 12:38 | Build | Palisade Wall |
| 12:40 | Build | Palisade Wall |
| 12:55 | Build | Palisade Wall |
| 12:58 | Build | Palisade Wall |
| 13:22 | Queue | Villager (Male) |
| 13:23 | Queue | Villager (Male) |
| 13:29 | Build | Farm |
| 13:31 | Build | Farm |
| 13:35 | Build | Farm |
| 13:38 | Build | Farm |
| 13:48 | Research | Scale Barding Armor |
| 13:49 | Research | Forging |
| 13:56 | Build | Farm |
| 13:59 | Build | Farm |
| 14:02 | Build | Farm |
| 14:05 | Build | Farm |
| 14:09 | Build | Farm |
| 14:12 | Build | Farm |
| 14:26 | Build | Mining Camp |
| 14:29 | Build | Palisade Wall |
| 14:58 | Build | Palisade Gate |
| 15:00 | Build | Palisade Gate |
| 15:06 | Build | House |
| 15:25 | Queue | Scout Cavalry |
| 15:25 | Queue | Scout Cavalry |
| 15:26 | Queue | Villager (Male) |
| 15:26 | Queue | Villager (Male) |
| 15:34 | Build | Farm |
| 15:42 | Build | Farm |
| 16:03 | Queue | Villager (Male) |
| 16:19 | Queue | Villager (Male) |
| 16:29 | Build | Farm |
| 16:31 | Build | Farm |
| 16:37 | Build | House |
| 16:40 | Queue | Villager (Male) |
| 16:55 | Build | Farm |
| 17:18 | Build | Farm |
| 17:21 | Queue | Villager (Male) |
| 17:21 | Queue | Villager (Male) |
| 17:30 | Build | Mining Camp |
| 18:11 | Queue | Villager (Male) |
| 18:12 | Queue | Villager (Male) |
| 18:27 | Build | House |
| 18:38 | Build | Barracks |
| 18:43 | Research | Gold Mining |
| 18:47 | Research | Horse Collar |
| 19:02 | Queue | Villager (Male) |
| 19:21 | Build | House |
| 19:24 | Queue | Villager (Male) |
| 19:25 | Queue | Villager (Male) |
| 19:40 | Build | Archery Range |
| 19:45 | Queue | Villager (Male) |
| 20:02 | Build | House |
| 20:04 | Build | Palisade Wall |
| 20:19 | Research | Castle Age |
| 20:31 | Queue | Skirmisher |
| 20:31 | Queue | Skirmisher |
| 20:42 | Build | House |
| 20:57 | Queue | Villager (Male) |
| 21:31 | Queue | Spearman |
| 21:31 | Queue | Spearman |
| 21:32 | Queue | Spearman |
| 21:36 | Queue | Skirmisher |
| 21:36 | Queue | Skirmisher |
| 21:56 | Research | Fletching |
| 21:56 | Research | Padded Archer Armor |
| 22:26 | Queue | Villager (Male) |
| 23:04 | Build | Town Center |
| 23:11 | Research | Light Cavalry (upgrade) |
| 23:13 | Research | Bloodlines |
| 23:13 | Research | Husbandry |
| 23:17 | Research | Bow Saw |
| 23:36 | Research | Heavy Plow |
| 23:39 | Queue | Villager (Male) |
| 23:39 | Queue | Villager (Male) |
| 24:15 | Build | House |
| 24:36 | Research | Pikeman (upgrade) |
| 24:37 | Queue | Spearman |
| 24:37 | Queue | Spearman |
Build order — PaitVa1127
First 150 of 360 actions detected
| 0:00 | Queue | Villager (Male) |
| 0:00 | Queue | Villager (Male) |
| 0:01 | Queue | Villager (Male) |
| 0:01 | Queue | Villager (Male) |
| 0:02 | Build | House |
| 0:04 | Build | House |
| 1:34 | Queue | Villager (Male) |
| 2:09 | Build | Lumber Camp |
| 2:14 | Queue | Villager (Male) |
| 2:15 | Queue | Villager (Male) |
| 3:02 | Queue | Villager (Male) |
| 3:08 | Build | House |
| 3:14 | Queue | Villager (Male) |
| 3:15 | Queue | Villager (Male) |
| 3:15 | Queue | Villager (Male) |
| 3:40 | Queue | Villager (Male) |
| 4:30 | Build | Mill |
| 5:11 | Research | Loom |
| 5:45 | Research | Feudal Age |
| 6:54 | Queue | Villager (Male) |
| 7:07 | Build | House |
| 7:10 | Build | Palisade Wall |
| 7:11 | Build | Palisade Wall |
| 7:57 | Research | Double-Bit Axe |
| 8:00 | Build | Barracks |
| 8:02 | Queue | Villager (Male) |
| 8:14 | Build | House |
| 8:16 | Build | Palisade Wall |
| 8:17 | Build | Palisade Wall |
| 8:18 | Build | Palisade Wall |
| 8:21 | Build | Palisade Wall |
| 8:24 | Queue | Villager (Male) |
| 8:37 | Queue | Villager (Male) |
| 8:47 | Build | Stable |
| 9:02 | Build | House |
| 9:21 | Queue | Villager (Male) |
| 9:39 | Build | Mill |
| 9:46 | Queue | Villager (Male) |
| 9:48 | Queue | Scout Cavalry |
| 9:49 | Queue | Scout Cavalry |
| 10:16 | Build | House |
| 10:18 | Build | Palisade Wall |
| 10:24 | Build | Palisade Wall |
| 10:28 | Build | Farm |
| 10:45 | Queue | Villager (Male) |
| 10:48 | Build | Farm |
| 10:54 | Build | Farm |
| 10:58 | Build | Farm |
| 11:04 | Build | Farm |
| 11:09 | Queue | Villager (Male) |
| 11:37 | Build | House |
| 11:45 | Queue | Villager (Male) |
| 11:48 | Build | Farm |
| 11:50 | Queue | Villager (Male) |
| 11:53 | Build | Farm |
| 12:11 | Build | House |
| 12:19 | Build | Palisade Wall |
| 12:23 | Build | Farm |
| 12:46 | Build | Farm |
| 12:49 | Build | House |
| 12:52 | Build | Palisade Wall |
| 12:54 | Queue | Spearman |
| 13:05 | Research | Horse Collar |
| 13:06 | Queue | Villager (Male) |
| 13:13 | Queue | Villager (Male) |
| 13:50 | Build | Palisade Gate |
| 13:54 | Queue | Villager (Male) |
| 13:57 | Build | Farm |
| 14:02 | Build | Palisade Wall |
| 14:09 | Build | Farm |
| 14:10 | Build | Mining Camp |
| 14:14 | Queue | Villager (Male) |
| 15:03 | Queue | Villager (Male) |
| 15:21 | Queue | Villager (Male) |
| 15:47 | Queue | Villager (Male) |
| 15:51 | Build | Market |
| 15:56 | Build | Farm |
| 15:58 | Build | Farm |
| 16:00 | Queue | Villager (Male) |
| 16:01 | Research | Town Watch |
| 16:01 | Research | Wheelbarrow |
| 16:14 | Build | Farm |
| 16:22 | Build | House |
| 17:05 | Build | Farm |
| 17:10 | Build | Farm |
| 17:37 | Research | Castle Age |
| 18:09 | Build | Palisade Wall |
| 18:42 | Build | Stable |
| 18:49 | Research | Gold Mining |
| 18:52 | Research | Bloodlines |
| 19:12 | Build | Blacksmith |
| 20:09 | Queue | Villager (Male) |
| 20:12 | Research | Forging |
| 20:18 | Build | House |
| 20:22 | Research | Husbandry |
| 20:26 | Queue | Knight |
| 20:26 | Queue | Knight |
| 20:28 | Queue | Villager (Male) |
| 20:32 | Build | House |
| 20:45 | Build | Lumber Camp |
| 20:48 | Research | Bow Saw |
| 20:56 | Queue | Knight |
| 20:57 | Queue | Knight |
| 21:14 | Queue | Villager (Male) |
| 21:15 | Queue | Villager (Male) |
| 21:31 | Queue | Knight |
| 21:38 | Queue | Knight |
| 21:57 | Build | House |
| 22:05 | Queue | Villager (Male) |
| 22:07 | Queue | Knight |
| 22:07 | Queue | Knight |
| 22:08 | Queue | Villager (Male) |
| 22:20 | Queue | Villager (Male) |
| 22:37 | Build | House |
| 22:41 | Queue | Villager (Male) |
| 22:42 | Build | Farm |
| 22:47 | Queue | Knight |
| 22:49 | Queue | Villager (Male) |
| 23:03 | Queue | Knight |
| 23:26 | Queue | Knight |
| 23:26 | Queue | Knight |
| 23:28 | Queue | Villager (Male) |
| 23:41 | Queue | Villager (Male) |
| 23:49 | Queue | Villager (Male) |
| 23:54 | Build | Mill |
| 23:55 | Build | Farm |
| 23:55 | Build | Farm |
| 23:55 | Build | Farm |
| 23:56 | Build | Farm |
| 23:57 | Queue | Villager (Male) |
| 24:24 | Queue | Steppe Lancer |
| 24:25 | Queue | Steppe Lancer |
| 24:25 | Queue | Steppe Lancer |
| 24:26 | Queue | Villager (Male) |
| 24:42 | Build | Farm |
| 24:43 | Build | Farm |
| 24:50 | Queue | Steppe Lancer |
| 24:50 | Queue | Steppe Lancer |
| 24:56 | Queue | Steppe Lancer |
| 24:56 | Queue | Steppe Lancer |
| 25:11 | Queue | Steppe Lancer |
| 25:13 | Queue | Villager (Male) |
| 25:18 | Build | Farm |
| 25:20 | Queue | Villager (Male) |
| 25:26 | Build | Stable |
| 25:30 | Build | Farm |
| 25:30 | Build | Farm |
| 25:31 | Build | Farm |
| 25:31 | Build | Farm |
| 25:31 | Build | Farm |
Match timeline
| 7:10 | PaitVa1127 · wall_segment Palisade Wall x1 |
| 7:11 | PaitVa1127 · wall_segment Palisade Wall x1 |
| 8:00 | PaitVa1127 · first_building Barracks |
| 8:02 | ManyKitten76428 · wall_segment Palisade Wall x4 |
| 8:16 | PaitVa1127 · wall_segment Palisade Wall x1 |
| 8:17 | PaitVa1127 · wall_segment Palisade Wall x1 |
| 8:18 | PaitVa1127 · wall_segment Palisade Wall x1 |
| 8:21 | PaitVa1127 · wall_segment Palisade Wall x16 |
| 8:29 | ManyKitten76428 · wall_segment Palisade Wall x1 |
| 8:31 | ManyKitten76428 · wall_segment Palisade Wall x1 |
| 8:32 | ManyKitten76428 · wall_segment Palisade Wall x1 |
| 8:33 | ManyKitten76428 · wall_segment Palisade Wall x1 |
| 8:34 | ManyKitten76428 · wall_segment Palisade Wall x1 |
| 8:35 | ManyKitten76428 · wall_segment Palisade Wall x1 |
| 8:37 | ManyKitten76428 · wall_segment Palisade Wall x1 |
| 8:38 | ManyKitten76428 · wall_segment Palisade Wall x1 |
| 8:40 | ManyKitten76428 · wall_segment Palisade Wall x1 |
| 8:47 | PaitVa1127 · first_building Stable |
| 8:50 | ManyKitten76428 · wall_segment Palisade Wall x1 |
| 8:52 | ManyKitten76428 · wall_segment Palisade Wall x1 |
| 8:59 | ManyKitten76428 · wall_segment Palisade Wall x1 |
| 9:01 | ManyKitten76428 · wall_segment Palisade Wall x1 |
| 9:58 | ManyKitten76428 · first_building Stable |
| 10:18 | PaitVa1127 · wall_segment Palisade Wall x2 |
| 10:24 | PaitVa1127 · wall_segment Palisade Wall x16 |
| 12:19 | PaitVa1127 · wall_segment Palisade Wall x1 |
| 12:36 | ManyKitten76428 · wall_segment Palisade Wall x1 |
| 12:38 | ManyKitten76428 · wall_segment Palisade Wall x1 |
| 12:38 | ManyKitten76428 · wall_segment Palisade Wall x1 |
| 12:40 | ManyKitten76428 · wall_segment Palisade Wall x1 |
| 12:52 | PaitVa1127 · wall_segment Palisade Wall x5 |
| 12:55 | ManyKitten76428 · wall_segment Palisade Wall x1 |
| 12:58 | ManyKitten76428 · wall_segment Palisade Wall x1 |
| 14:02 | PaitVa1127 · wall_segment Palisade Wall x1 |
| 14:29 | ManyKitten76428 · wall_segment Palisade Wall x1 |
| 18:09 | PaitVa1127 · wall_segment Palisade Wall x1 |
| 18:38 | ManyKitten76428 · first_building Barracks |
| 19:40 | ManyKitten76428 · first_building Archery Range |
| 20:04 | ManyKitten76428 · wall_segment Palisade Wall x1 |
| 25:20 | ManyKitten76428 · wall_segment Palisade Wall x1 |
| 25:24 | ManyKitten76428 · wall_segment Palisade Wall x1 |
| 29:20 | PaitVa1127 · first_market_buy 100 food |
| 29:30 | ManyKitten76428 · wall_segment Palisade Wall x1 |
| 33:23 | PaitVa1127 · first_building Monastery |
| 35:03 | PaitVa1127 · first_market_sell 100 food |
| 35:04 | ManyKitten76428 · wall_segment Palisade Wall x1 |
| 35:41 | ManyKitten76428 · first_building Castle |
| 38:35 | ManyKitten76428 · first_building Siege Workshop |
| 40:36 | PaitVa1127 · first_building Castle |
| 42:21 | ManyKitten76428 · resign |
[ AI ANALYSIS · 1 CREDIT ]
What really happened in this match?
Wolo.gg analyzes every decision: build order, eco, micro, common mistakes by bracket. Personalized analysis on WhatsApp or Discord in 30 seconds.
Civ guide
Khmer
Perfil
Jugador #15948060